 Dungeon Crawl Stone Soup version 0.30-a0-847-g17996783a1 (webtiles) character file.

Game seed: 12391637398012970211

9 holysushi the Cutter (level 2, 18/24 HPs)
             Began as a Demonspawn Monk on Mar 4, 2023.
             Quit the game on level 1 of the Dungeon.
             The game lasted 00:00:48 (256 turns).

holysushi the Cutter (Demonspawn Monk)               Turns: 256, Time: 00:00:49

Health: 18/24      AC:  3    Str: 11    XL:     2   Next: 3%
Magic:  2/2        EV: 12    Int: 11    God:
Gold:   52         SH:  0    Dex: 15    Spells: 1/1 levels left

rFire   . . .      SeeInvis .    a - +0 short sword
rCold   . . .      Faith    .    (no shield)
rNeg    . . .      Spirit   .    b - +0 robe
rPois   .          Reflect  .    (no helmet)
rElec   .          Rampage  .    d - +0 cloak
rCorr   .                        (no gloves)
Will    .....                    (no boots)
Stlth   ++                       (no amulet)
HPRegen 0.24/turn                (no ring)
MPRegen 0.08/turn                (no ring)

@: no status effects
A: demonic magic 1
a: no special abilities


You were on level 1 of the Dungeon.
You visited 1 branch of the dungeon, and saw 1 of its levels.

You collected 52 gold pieces.

Inventory:

Hand Weapons
 a - a +0 short sword (weapon)
Armour
 b - a +0 robe (worn)
 d - a +0 cloak (worn)
Jewellery
 e - an amulet of faith
Scrolls
 g - a scroll of teleportation {unknown}
Potions
 c - a potion of ambrosia
 f - a potion of curing {unknown}


   Skills:
 - Level 3.0 Fighting
 + Level 3.2 Short Blades
 - Level 2.6 Dodging
 - Level 1.7 Stealth


You had one spell level left.
You didn't know any spells.
Your spell library contained the following spells:

 Spells                   Type           Power      Damage    Failure   Level
 Sublimation of Blood     Necr           0%         N/A       47%         2
 Petrify                  Tmut/Erth      0%         N/A       98%         4
 Irradiate                Conj/Tmut      0%         3d11      100%        5


Dungeon Overview and Level Annotations

Branches:
Dungeon (1/15) Zot: 5749

Altars:


Innate Abilities, Weirdness & Mutations

Spells you cast may paralyse adjacent enemies.


Message History

No target in view!
You now have 52 gold pieces (gained 17).
e - an amulet of faith
Okay, then.
f - a brown potion
There is a faded altar of an unknown god here.
This altar belongs to (a) Ignis, (b) Okawaru or (c) Nemelex Xobeh, but you can't tell which.
Press the corresponding letter to learn more about a god, or press enter to convert or escape to cancel.
Okay, then.
g - a scroll labelled JUEFEQY DONE
Found 5 stones.
Found 10 gold pieces.
A goblin comes into view. It is wielding a +0 club.
An endoplasm comes into view.
The goblin shouts!
A goblin comes into view. It is wielding a +0 dagger.
A frilled lizard comes into view.
The frilled lizard hisses angrily.
You hit the goblin.
You kill the goblin!
A frilled lizard comes into view.
The frilled lizard hisses angrily.
The endoplasm freezes you.
You are frozen.
You hit the endoplasm but do no damage.
The endoplasm hits you but does no damage.
The goblin attacks as you move away! The goblin hits you with a +0 dagger.
The endoplasm closely misses you. The endoplasm attacks as you move away!
The endoplasm misses you. The goblin attacks as you move away!
The goblin hits you with a +0 dagger.
The frilled lizard bites you but does no damage.
The goblin attacks as you move away! The goblin barely misses you.
The goblin attacks as you move away! The goblin barely misses you.
Found a quarterstaff.
You closely miss the goblin. The goblin hits you but does no damage.
You hit the goblin.
You kill the goblin!
You have reached level 2!
Your demonic ancestry asserts itself...
A menacing aura infuses your magic.
Are you sure you want to abandon this character and quit the game? (Confirm with "yes".)

#....).l...#....#........
#.......##...#..#.....≈≈.
#......###.l....#...)≈._≈
#.#...###..#..#.#.....≈≈.
#......#.l#####.#.[......
#.####.#.## ##.#.......
...#.....l# ##........ .#
#.####J# ##.#..... #@#
##(##### #.# ####.....[.
#.. ............ ..##
..##........ ..#
........... )#.#
............ #...
.###........ .##
#####....... .....>....#


You could see an endoplasm and 2 frilled lizards.

Vanquished Creatures
  An endoplasm (D:1)
  3 goblins (D:1)
  A hobgoblin (D:1)
  A bat (D:1)
  A kobold (D:1)
  A rat (D:1)
8 creatures vanquished.

Notes
Turn   | Place    | Note
-------+----------+-------------------------------------------
     0 | D:1      | holysushi the Demonspawn Monk began the quest for the Orb.
     0 | D:1      | Reached XP level 1. HP: 18/18 MP: 1/1
   158 | D:1      | Found a faded altar of an unknown god.
   256 | D:1      | Gained mutation: Spells you cast may paralyse adjacent
                  | enemies. [demonic ancestry]
   256 | D:1      | Reached XP level 2. HP: 18/24 MP: 2/2
   256 | D:1      | Quit the game

Illustrated notes

Levels and vault maps discovered:
D:1:      minmay_arrival_cross, layout_rooms,
          shapermc_ecumenical_altar_starsandcircs, minmay_heptomino_l4

Skill      XL: |  1 |
---------------+----+-----
Short Blades   | 3 |  3.2
Fighting       | |  3.0
Dodging        | |  2.6
Stealth        | |  1.7

Action                     || total
---------------------------++-------
  Melee: Short sword       ||    32
 Armour: Robe              ||     8
  Dodge: Dodged            ||    17

Table legend: (Time is in decaauts)
 A = Elapsed time spent in this place.
 B = Non-inter-level travel time spent in this place.
 C = Inter-level travel time spent in this place.
 D = Time resting spent in this place.
 E = Time spent auto-exploring this place.
 F = Levels seen in this place.
 G = Mean time per level.
                   A        B        C        D        E       F      G
               +--------+--------+--------+--------+--------+-----+--------+
         Total |    251 |    251 |      0 |     29 |     82 |   1 |  251.0 |
       Dungeon |    251 |    251 |      0 |     29 |     82 |   1 |  251.0 |
               +--------+--------+--------+--------+--------+-----+--------+

Top non-repeatable levels by time:
     D:1: 251 daAuts
